 Dungeon Crawl Stone Soup version 0.23.2 (webtiles) character file.

Game seed: 10415677420154127172

763 ElTigreChino the Cudgeler (level 7, -4/71 HPs)
             Began as a Troll Berserker on Apr 11, 2019.
             Was a Priest of Trog.
             Slain by an orc warrior
             ... wielding a +0 battleaxe
              (18 damage)
             ... on level 4 of the Dungeon.
             The game lasted 00:17:32 (2421 turns).

ElTigreChino the Cudgeler (Troll Berserker)         Turns: 2421, Time: 00:17:33

Health: -4/71      AC:  6    Str: 26    XL:     7   Next: 51%
Magic:  6/6        EV: 11    Int:  3    God:    Trog [***...]
Gold:   157        SH:  0    Dex: 11    Spells: 6/6 levels left

rFire    . . .     SeeInvis .   a - +0 mace
rCold    . . .     Gourm    +   (no shield)
rNeg     . . .     Faith    .   b - +0 animal skin
rPois    .         Spirit   .   (helmet restricted)
rElec    .         Reflect  .   (no cloak)
rCorr    .         Harm     .   (gloves unavailable)
MR       ++...                  (boots unavailable)
Stlth    +.........             (no amulet)
HPRegen  1.61/turn              (no ring)
MPRegen  0.10/turn              (no ring)

@: berserk cooldown, regenerating, slowed, very slow
A: large, unfitting armour, claws 3, fast metabolism 3, gourmand, regeneration
1, shaggy fur 1, tough skin 3
a: Berserk, Trog's Hand, Renounce Religion


You were on level 4 of the Dungeon.
You worshipped Trog.
Trog was most pleased with you.
You were very full.

You visited 1 branch of the dungeon, and saw 4 of its levels.

You collected 157 gold pieces.

Inventory:

Hand Weapons
 a - a +0 mace (weapon)
Armour
 b - a +0 animal skin (worn)
Magical Staves
 o - an uncursed staff of poison {unknown}
Jewellery
 m - a cursed amulet of inaccuracy {unknown}
Scrolls
 d - 3 scrolls of enchant armour {unknown}
 g - 2 scrolls of remove curse {unknown}
 i - 2 scrolls of teleportation {unknown}
 j - a scroll of noise {unknown}
 k - 3 scrolls of identify {unknown}
 q - a scroll of immolation {unknown}
Potions
 e - a potion of magic {unknown}
 f - a potion of lignification {unknown}
 h - a potion of agility {unknown}
 l - a potion of might {unknown}
 n - 3 potions of heal wounds {unknown}
Comestibles
 c - 15 rations
 p - 7 chunks of flesh


   Skills:
 + Level 4.7 Fighting
 + Level 5.1 Maces & Flails
 + Level 4.6 Dodging


You had 6 spell levels left.
You didn't know any spells.
Your spell library was empty.

Dungeon Overview and Level Annotations

Branches:
Dungeon (4/15)
 Temple: D:4-7

Altars:
Ru
Trog


Innate Abilities, Weirdness & Mutations

You are too large for most types of armour.
You have claws for hands.
Your metabolism is lightning-fast.
You like to eat raw meat.
Your natural rate of healing is unusually fast.
You are covered in fur. (AC +1)
You have extremely tough skin. (AC +3)


Message History

The orc warrior is almost dead.
You are no longer berserk.
You are exhausted.
You feel yourself slow down. The orc warrior misses you.
You hit the orc warrior but do no damage.
The orc warrior is almost dead.
The orc hits you with a +0 hand axe.
* * * LOW HITPOINT WARNING * * *
The orc warrior hits you but does no damage.
The orc hits you with a +0 hand axe.
* * * LOW HITPOINT WARNING * * *
Your skin crawls.
You feel resistant to hostile enchantments.
You feel somewhat less full. The orc warrior completely misses you.
The orc hits you with a +0 hand axe.
* * * LOW HITPOINT WARNING * * *
You closely miss the orc warrior.
The orc warrior is almost dead.
The orc warrior hits you with a +0 battleaxe!!
You die...

#.# #.......#
###.#####.......#
#.......#.(.....##
#.#.###.#........#
#..[>##.#........#
##....##.##.####..#
#.........#.......#
###..##.##..#.#####.##
#....@o...............
#.####o#######.##.#.##
#. .o.. #.##...# .
#.$..# #..#<###
##(#8.# #....# #..8.$.
#..### #..(#.###...#
... #.##....# #.#...#


You could see an orc warrior and 2 orcs.

Vanquished Creatures
  Sigmund (D:4)
  Menkaure (D:4)
  A phantom (D:4)
  An ogre (D:4)
  An orc priest (D:3)
  Natasha (thrice) (D:3)
  An iguana (D:4)
  A worker ant (D:4)
  3 orc wizards
  3 gnolls (D:3)
  3 adders
  An ooze (D:1)
  3 worms
  A dart slug (D:2)
  12 orcs
  7 bats
  3 giant cockroaches
  10 goblins
  5 hobgoblins
  6 jackals
  5 kobolds
  3 frilled lizards (D:1)
  6 rats
81 creatures vanquished.

Notes
Turn   | Place    | Note
-------+----------+-------------------------------------------
     0 | D:1      | ElTigreChino the Troll Berserker began the quest for the
                  | Orb.
     0 | D:1      | Reached XP level 1. HP: 22/22 MP: 0/0
   141 | D:1      | Reached XP level 2. HP: 28/29 MP: 1/1
   193 | D:1      | You fall through a shaft!
   305 | D:1      | Reached skill level 3 in Maces & Flails
   461 | D:1      | Reached ** piety under Trog
   659 | D:2      | Reached XP level 3. HP: 36/36 MP: 2/2
   786 | D:2      | Found a faded altar of an unknown god.
   838 | D:2      | Found a bloodstained altar of Trog.
  1349 | D:3      | Noticed Natasha
  1361 | D:3      | Reached XP level 4. HP: 45/45 MP: 3/3
  1561 | D:3      | Killed Natasha
  1561 | D:3      | Reached XP level 5. HP: 53/53 MP: 4/4
  1562 | D:3      | Noticed Natasha
  1566 | D:3      | Killed Natasha
  1587 | D:3      | Noticed Natasha
  1616 | D:3      | Killed Natasha
  1642 | D:3      | Reached skill level 4 in Maces & Flails
  1883 | D:3      | Reached XP level 6. HP: 58/62 MP: 5/5
  1898 | D:4      | Noticed Menkaure
  1900 | D:4      | Noticed Sigmund
  1907 | D:4      | Killed Menkaure
  1976 | D:4      | Killed Sigmund
  1976 | D:4      | Reached *** piety under Trog
  2005 | D:4      | Reached XP level 7. HP: 39/71 MP: 6/6
  2098 | D:4      | Reached skill level 5 in Maces & Flails
  2267 | D:4      | Found a sacrificial altar of Ru.
  2421 | D:4      | Slain by an orc warrior

Skill      XL: |  1  2  3  4  5  6  7 |
---------------+----------------------+-----
Maces & Flails | 3 4 5 |  5.1
Dodging        | 3 4 |  4.6
Fighting       | 3 4 |  4.7

Action                   |  1- 3 |  4- 6 |  7- 9 || total
-------------------------+-------+-------+-------++-------
Melee: Mace              |   146 |   109 |    87 ||   342
Invok: Berserk           |     2 |     4 |     2 ||     8
       Trog's Hand       |       |     2 |     1 ||     3
  Eat: Chunk             |    14 |    17 |     5 ||    36
Armor: Animal skin       |    79 |    27 |    21 ||   127
Dodge: Dodged            |   101 |    54 |    50 ||   205
